 Dungeon Crawl Stone Soup version 0.29.1-2-gbd0b4ee654 (webtiles) character file.

Game seed: 16054421338672643837

4836 Du3lingdragon the Carver (level 10, -1/82 HPs)
             Began as a Barachi Summoner on Nov 5, 2022.
             Was an Elder of Cheibriados.
             Slain by a two-headed ogre
             ... wielding a +0 giant spiked club
              (21 damage)
             ... on level 8 of the Dungeon.
             The game lasted 00:30:20 (9690 turns).

Du3lingdragon the Carver (Barachi Summoner)         Turns: 9690, Time: 00:30:21

Health: -1/82      AC:  8    Str: 20    XL:     10   Next: 49%
Magic:  14/16      EV: 13    Int: 30    God:    Cheibriados [****..]
Gold:   358        SH:  0    Dex: 21    Spells: 8/17 levels left

rFire   . . .      SeeInvis .   o - +0 triple sword (elec)
rCold   . . .      Faith    .   (shield currently unavailable)
rNeg    + + +      Spirit   .   a - +2 robe "Funisch" {rC- rN+++ Regen+ Str+2}
rPois   +          Reflect  .   (no helmet)
rElec   .          Harm     .   q - +1 cloak {rCorr}
rCorr   +          Rampage  .   j - +0 pair of gloves
Will    .....                   m - +0 pair of boots
Stlth   ++........              (no amulet)
HPRegen 1.03/turn               e - ring of ice
MPRegen 0.15/turn               r - ring of poison resistance

@: very slow
A: amphibious, slowness 1, strong legs 1, +LOS, fire resistance 1
a: Hop, Renounce Religion, Bend Time, Temporal Distortion, Slouch


You were on level 8 of the Dungeon.
You worshipped Cheibriados.
Cheibriados was greatly pleased with you.
You visited 2 branches of the dungeon, and saw 10 of its levels.

You collected 358 gold pieces.

Inventory:

Hand Weapons
 o - a +0 triple sword of electrocution (weapon)
 F - a +5 scimitar of freezing
Missiles
 f - 12 curare-tipped darts (quivered)
Armour
 a - the +2 robe "Funisch" (worn) {rC- rN+++ Regen+ Str+2}
   (You found it on level 3 of the Dungeon)

   Str:       It affects your strength (+2).
   rC:        It makes you vulnerable to cold.
   rN:        It renders you almost immune to negative energy.
   Regen:     It increases your rate of health regeneration.
 j - a +0 pair of gloves (worn)
 m - a +0 pair of boots (worn)
 q - a +1 cloak of preservation (worn)
 B - +0 steam dragon scales
Jewellery
 e - a ring of ice (left hand)
 g - a ring of see invisible
 r - a ring of poison resistance (right hand)
 y - a ring of protection from fire
 z - a ring of magical power
Wands
 i - a wand of roots (22)
 G - a wand of polymorph (7)
Scrolls
 h - 4 scrolls of teleportation
 s - a scroll of immolation
 x - 3 scrolls of amnesia
Potions
 b - a potion of magic
 k - 3 potions of attraction {unknown}
 l - 2 potions of cancellation {unknown}
 n - a potion of haste {unknown}
 p - 2 potions of mutation
 t - 5 potions of curing
 u - a potion of ambrosia {unknown}
 v - a potion of flight {unknown}
 w - 3 potions of lignification {unknown}
 A - 3 potions of heal wounds {unknown}
 C - 2 potions of might {unknown}
 D - a potion of brilliance {unknown}
 E - a potion of resistance


   Skills:
 + Level 8.8 Fighting
 * Level 11.8 Long Blades
 - Level 4.0 Armour
 - Level 2.1 Dodging
 - Level 1.7 Stealth
 - Level 4.0 Spellcasting
 + Level 9.9 Summonings


You had 8 spell levels left.
You knew the following spells:

 Your Spells              Type           Power      Damage    Failure   Level
a - Summon Small Mammal   Summ           100%       N/A       1%          1
b - Call Imp              Summ           60%        N/A       1%          2
c - Call Canine Familiar  Summ           60%        N/A       1%          3
d - Summon Guardian Gole  Hex/Summ       35%        N/A       2%          3

Your spell library contained the following spells:

 Spells                   Type           Power      Damage    Failure   Level
 Apportation              Tloc           12%        N/A       6%          1
 Necrotise                Necr           24%        1d5       6%          1
 Sting                    Tmut/Pois      24%        1d4       6%          1
 Summon Lightning Spire   Summ/Air       35%        N/A       9%          4
 Blink                    Tloc           12%        N/A       10%         2
 Poisonous Vapours        Pois/Air       12%        N/A       10%         2
 Olgreb's Toxic Radiance  Pois           6%         N/A       54%         4
 Passage of Golubria      Tloc           6%         N/A       54%         4
 Manifold Assault         Tloc           6%         N/A       87%         5
 Silence                  Hex/Air        3%         N/A       87%         5
 Malign Gateway           Summ/Tloc      17%        N/A       100%        7
 Storm Form               Tmut/Air       3%         N/A       100%        7
 Lehudib's Crystal Spear  Conj/Erth      3%         10d2      100%        8
 Summon Horrible Things   Summ           30%        N/A       100%        8


Dungeon Overview and Level Annotations

Branches:
Dungeon (9/15)             Temple (1/1) D:5
   Lair: D:8-11         Orc: D:9-12

Altars:
Ashenzari
Cheibriados
Dithmenos
Elyvilon
Fedhas
Gozag
Hepliaklqana
Kikubaaqudgha
Makhleb
Nemelex Xobeh
Okawaru
Qazlal
Ru
Trog
Uskayaw
Vehumet
Wu Jian
Xom
Yredelemnul
Zin
The Shining One

Shops:
D:8 :


Innate Abilities, Weirdness & Mutations

You are amphibious.
You cover ground slowly.
You can hop short distances.
You have an extended range of vision and can be seen from far away.
Your flesh is heat resistant. (rF+)


Message History

There is a stone staircase leading down here.
You start resting.
Magic restored.
You start waiting.
Done waiting.
This spell is mildly dangerous to cast.
Memorise Summon Guardian Golem, consuming 3 spell levels and leaving 8?
You start memorising the spell.
You continue memorising. x3
You finish memorising.
Spell assigned to 'd'.
Unknown command.
Your +5 scimitar of freezing stops glowing.
You hear the crackle of electricity.
o - a +0 triple sword of electrocution (weapon)
You drop a +2 vampiric dagger.
You drop a +0 sling.
Unknown command.
There is a stone staircase leading down here.
You climb downwards.
The two-headed ogre hits you with a +0 giant spiked club!
The two-headed ogre misses you.
There is a stone staircase leading up, spattered with blood here.
The two-headed ogre misses you. The two-headed ogre barely misses you.
You climb upwards.
There is a stone staircase leading down here.
Casting: Summon Small Mammal (safe; 1% risk of failure)
Confirm with . or Enter, or press ? or * to list all spells.
The two-headed ogre closely misses you. The two-headed ogre misses you.
Your warg bites the two-headed ogre!
Your warg barely misses the two-headed ogre.
Your warg bites the two-headed ogre.
The two-headed ogre hits you with a +0 giant spiked club!
The two-headed ogre hits you with a +0 giant club!!
Your warg bites the two-headed ogre.
You swap places.
Your warg bites the two-headed ogre!
The two-headed ogre hits you with a +0 giant spiked club!!
* * * LOW HITPOINT WARNING * * *
The two-headed ogre misses you.
Your warg bites the two-headed ogre!
The two-headed ogre attacks as you move away!
The two-headed ogre hits you with a +0 giant spiked club!!
You die...

###....# #########
....##.######.......#
.....#..........###.#
......#####.......#.#
##...## #.#.#.#.#.#
###.## #.#.#.#.#.#
#.# #.#.#)#.#.# #.#
#.#.#>#.#.# ##'##
#....O@...# ##...##
#####h##### #.....##
###.# .......##
##.#.#
........####....##
........'.)))....#
........####.....#
.......## ##.#..#
#.....## #.#..#


You could see a two-headed ogre (ally target) and a friendly warg (summoned).

Vanquished Creatures
  Sigmund (D:6)
  2 yaks (D:9)
  2 steam dragons (D:8)
  Eustachio (D:4)
  3 water moccasins
  2 orc warriors
  An ice beast (D:6)
  2 ogres
  A centaur (D:7)
  2 kobold brigands (D:8)
  5 bullfrogs
  A necrophage (D:4)
  2 scorpions
  4 wights (D:8)
  3 howler monkeys (D:7)
  A hound (D:4)
  2 orc priests (D:5)
  Crazy Yiuf (D:2)
  3 jellies
  A gnoll bouda (D:6)
  An iguana (D:5)
  Terence (D:3)
  6 orc wizards
  3 gnolls
  8 adders
  A shadow imp (D:5)
  A white imp (D:6)
  An ufetubus (D:5)
  3 dart slugs
  17 orcs
  4 bats
  7 endoplasms
  A giant cockroach (D:4)
  6 goblins
  3 hobgoblins
  7 jackals
  18 kobolds
  3 quokkas
  4 ball pythons
  5 frilled lizards
  2 rats (D:2)
142 creatures vanquished.

Vanquished Creatures (collateral kills)
  Prince Ribbit (D:8)
  2 yaks (D:9)
  Edmund (D:5)
  A steam dragon (D:6)
  An orc warrior (D:6)
  The ghost of SirLogeyBear the Cudgeller, an amateur HOBe of Trog (D:4)
  A kobold brigand (D:9)
  6 wights (D:8)
  A gnoll bouda (D:6)
  An orc priest (D:8)
  2 orc wizards
  6 gnolls
  4 adders
  2 dart slugs
  8 orcs
  3 ball pythons
  4 endoplasms
  2 giant cockroaches
  A goblin (D:1)
  9 jackals
  4 quokkas
  2 bats
  A frilled lizard (D:1)
  6 kobolds
  3 rats
73 creatures vanquished.

Vanquished Creatures (others)
  A fungus (D:2)
  A plant (D:5)
2 creatures vanquished.

Grand Total: 217 creatures vanquished

Notes
Turn   | Place    | Note
-------+----------+-------------------------------------------
     0 | D:1      | Du3lingdragon the Barachi Summoner began the quest for the
                  | Orb.
     0 | D:1      | Reached XP level 1. HP: 13/13 MP: 3/3
   444 | D:1      | Reached XP level 2. HP: 20/20 MP: 2/5
   447 | D:1      | Reached skill level 5 in Summonings
   450 | D:1      | Learned a level 2 spell: Call Imp
   567 | D:1      | Reached skill level 1 in Fighting
   691 | D:1      | Reached XP level 3. HP: 19/26 MP: 2/7
  1336 | D:2      | Reached XP level 4. HP: 22/33 MP: 6/9
  1482 | D:2      | Learned a level 3 spell: Call Canine Familiar
  2501 | D:2      | Found a runed translucent door.
  2502 | D:2      | Noticed Crazy Yiuf
  2528 | D:2      | Killed Crazy Yiuf
  2529 | D:2      | Reached XP level 5. HP: 20/38 MP: 3/10
  3093 | D:3      | Noticed Terence
  3542 | D:3      | Killed Terence
  3543 | D:3      | Reached skill level 1 in Armour
  3717 | D:3      | Identified the +2 robe "Funisch" {rC- rN+++ Regen+ Str+2}
  3748 | D:3      | Found a faded altar of an unknown god.
  3831 | D:3      | Reached skill level 1 in Long Blades
  4366 | D:4      | Found a runed translucent door.
  4398 | D:4      | Reached XP level 6. HP: 44/46 MP: 7/12
  4417 | D:4      | Reached skill level 2 in Long Blades
  4545 | D:4      | Noticed Eustachio
  4564 | D:4      | Killed Eustachio
  4565 | D:4      | Reached skill level 3 in Long Blades
  4565 | D:4      | Reached XP level 7. HP: 52/52 MP: 7/13
  5171 | D:4      | Noticed SirLogeyBear's ghost (amateur HOBe)
  5183 | D:4      | Killed SirLogeyBear's ghost
  5261 | D:5      | Entered Level 5 of the Dungeon
  5421 | D:4      | Reached skill level 4 in Long Blades
  5439 | D:5      | Found a staircase to the Ecumenical Temple.
  5611 | D:5      | Reached skill level 5 in Long Blades
  5711 | Temple   | Entered the Ecumenical Temple
  5777 | Temple   | Became a worshipper of Cheibriados the Contemplative
  5873 | D:5      | Reached XP level 8. HP: 61/61 MP: 14/14
  6129 | D:6      | Noticed Edmund
  6137 | D:5      | Reached * piety under Cheibriados
  6140 | D:5      | Reached skill level 6 in Long Blades
  6180 | D:5      | Reached skill level 5 in Fighting
  6330 | D:5      | Killed Edmund
  6424 | D:6      | Reached skill level 7 in Long Blades
  6660 | D:6      | Noticed Sigmund
  6687 | D:6      | Killed Sigmund
  6688 | D:6      | Reached XP level 9. HP: 32/69 MP: 15/15
  6694 | D:6      | Reached skill level 8 in Long Blades
  6996 | D:6      | Reached ** piety under Cheibriados
  7123 | D:6      | Gained mutation: You sometimes lose your temper in combat.
                  | [potion of mutation]
  7123 | D:6      | Gained mutation: You are agile. (Dex +4, Str/Int -1)
                  | [potion of mutation]
  7124 | D:6      | Lost mutation: You sometimes lose your temper in combat.
                  | [potion of mutation]
  7124 | D:6      | Lost mutation: You are agile. (Dex +4, Str/Int -1) [potion
                  | of mutation]
  7124 | D:6      | Gained mutation: Your body sometimes deteriorates upon
                  | taking damage. [potion of mutation]
  7124 | D:6      | Lost mutation: Your body sometimes deteriorates upon taking
                  | damage. [potion of mutation]
  7124 | D:6      | Gained mutation: Your flesh is heat resistant. (rF+)
                  | [potion of mutation]
  7168 | D:6      | Reached skill level 9 in Long Blades
  7887 | D:7      | Found a shimmering altar of Xom.
  8219 | D:8      | Identified the +1 robe "Fivar" {rElec rC- Will+ Int+2}
  8236 | D:8      | Reached skill level 10 in Long Blades
  8352 | D:8      | Reached *** piety under Cheibriados
  8394 | D:8      | Noticed Prince Ribbit
  8408 | D:8      | Killed Prince Ribbit
  8491 | D:8      | Reached XP level 10. HP: 80/80 MP: 10/16
  8638 | D:8      | Reached skill level 11 in Long Blades
  9131 | D:8      | Found Gueq's Book Emporium.
  9444 | D:9      | Noticed a two-headed ogre
  9451 | D:9      | Reached **** piety under Cheibriados
  9677 | D:8      | Learned a level 3 spell: Summon Guardian Golem
  9690 | D:8      | Slain by a two-headed ogre

Illustrated notes

Levels and vault maps discovered:
D:1:      dpeg_arrival_windows_large_door, layout_basic
D:2:      layout_loops_corners, uniq_crazy_yiuf_cottage
D:3:      layout_loops_corners, shapermc_ecumenical_altar_starsandcircs,
          hangedman_decor_growths, uniq_terence
D:4:      layout_basic, ebering_ghost_reflecting_pool, uniq_eustachio
D:5:      layout_rooms, minmay_temple_entry_gardened_gates,
          kennysheep_generic_room_14
D:6:      layout_cave_pools, dk_vineyard_3, minmay_bent, uniq_edmund,
          uniq_sigmund
D:7:      layout_basic, lemuel_crystal_altar
D:8:      layout_loops_corners, serial_shops, nicolae_shop_advertising_works
          [nicolae_subvault_shop_adworks], uniq_prince_ribbit1
D:9:      layout_basic
Temple:   nicolae_temple_bog_church

Skill      XL: |  1  2  3  4  5  6  7  8  9 10 |
---------------+-------------------------------+-----
Summonings     | 5 6 8 9 |  9.9
Fighting       | 1 2 3 4 6 7 8 |  8.8
Spellcasting   | 3 4 |  4.0
Armour         | 2 3 4 |  4.0
Long Blades    | 1 3 5 7 10 11 | 11.8
Dodging        | |  2.1
Stealth        | |  1.7

Action                   |  1- 3 |  4- 6 |  7- 9 | 10-12 || total
-------------------------+-------+-------+-------+-------++-------
Melee: Unarmed           |    16 |       |       |       ||    16
       Dagger            |    74 |    32 |       |       ||   106
       Punch             |     1 |       |       |       ||     1
       Triple sword      |       |   125 |   229 |    34 ||   388
       Scimitar          |       |       |       |    10 ||    10
 Cast: Summon Small Mamm |    17 |    31 |    34 |    22 ||   104
       Call Imp          |     4 |     6 |     5 |     4 ||    19
       Call Canine Famil |       |     4 |    16 |    12 ||    32
  Use: Scroll            |       |     3 |     7 |     1 ||    11
       Potion            |       |       |     2 |       ||     2
 Stab: Sleeping          |       |     5 |     2 |     1 ||     8
       Invisible         |       |     1 |       |       ||     1
       Distracted        |       |       |     3 |     1 ||     4
Armor: Robe              |    27 |    75 |   131 |    16 ||   249
       Ring mail         |       |     3 |       |       ||     3
Dodge: Dodged            |    81 |   153 |   244 |    63 ||   541
